 Dungeon Crawl Stone Soup version 0.22.1-1-ga44c0e56f4 (webtiles) character file.

35629 Morbidden the Severer (level 13, -3/96 HPs)
             Began as a Demonspawn Fighter on Oct 13, 2018.
             Was a High Priest of Cheibriados.
             Slain by a death yak (5 damage)
             ... on level 6 of the Lair of Beasts.
             The game lasted 00:29:06 (10632 turns).

Morbidden the Severer (Demonspawn Fighter)         Turns: 10632, Time: 00:29:07

Health: -3/96      AC: 15    Str: 35    XL:     13   Next: 48%
Magic:  25/30      EV:  9    Int: 25    God:    Cheibriados [*****.]
Gold:   623        SH: 15    Dex: 30    Spells: 12/12 levels left

rFire    . . .     SeeInvis .   D - +6 broad axe (elec)
rCold    . . .     Gourm    .   c - +1 shield
rNeg     . . .     Faith    .   t - +0 plate armour
rPois    .         Spirit   .   B - +2 hat
rElec    .         Reflect  .   F - scarf {repulsion}
rCorr    .         Harm     .   e - +0 pair of gloves
MR       .....                  (boots unavailable)
Stlth    ..........             b - amulet of regeneration
HPRegen  0.66/turn              J - +4 ring of dexterity
MPRegen  0.22/turn              s - ring of magical power

@: corroded, repel missiles, very slow
A: talons 3, thin metallic scales 2, powered by death 1
a: Bend Time, Temporal Distortion, Slouch, Step From Time, Renounce Religion


You were on level 6 of the Lair of Beasts.
You worshipped Cheibriados.
Cheibriados was extremely pleased with you.
You were not hungry.

You visited 2 branches of the dungeon, and saw 17 of its levels.

You collected 998 gold pieces.
You spent 375 gold pieces at shops.

Inventory:

Hand Weapons
 q - the +6 hand axe of Wywn {flame, rPois rF+ rN+ Str-5}
   (You found it on level 2 of the Lair of Beasts)

   It has been specially enchanted to burn those struck by it, causing extra
   injury to most foes and up to half again as much damage against particularly
   susceptible opponents.
   Big, fiery blades are also staple armaments of hydra-hunters.
   It affects your strength (-5).
   It protects you from fire.
   It protects you from poison.
   It protects you from negative energy.
 D - a +6 broad axe of electrocution (weapon)
Armour
 c - a +1 shield (worn)
 e - a +0 pair of gloves (worn)
 t - a +0 plate armour (worn)
 B - a +2 hat (worn)
 F - a scarf of repulsion (worn)
Jewellery
 b - an amulet of regeneration (around neck)
 s - a ring of magical power (right hand)
 J - a +4 ring of dexterity (left hand)
Wands
 p - a wand of iceblast (5)
 w - a wand of enslavement (10)
Scrolls
 g - 7 scrolls of identify
 h - 7 scrolls of teleportation
 i - 2 scrolls of blinking
 o - a scroll of magic mapping
 u - a scroll of holy word
 x - 3 scrolls of amnesia
 y - 2 scrolls of immolation
 A - a scroll of enchant armour
 C - 2 scrolls of vulnerability
 E - a scroll of summoning {unknown}
 H - a scroll of torment {unknown}
 I - a scroll of random uselessness {unknown}
 K - a scroll of fog {unknown}
Potions
 a - a potion of might
 d - 4 potions of curing
 j - 2 potions of mutation
 k - 4 potions of heal wounds
 l - a potion of lignification
 m - a potion of invisibility
 n - 3 potions of ambrosia
 r - 5 potions of agility
 v - 4 potions of brilliance
 z - a potion of magic
 G - a potion of cancellation
Comestibles
 f - 35 rations
 L - a chunk of flesh


   Skills:
 + Level 7.3 Fighting
 * Level 15.7 Axes
 + Level 6.9 Armour
 + Level 2.6 Dodging
 + Level 7.3 Shields
 * Level 11.2 Invocations


You had 12 spell levels left.
You didn't know any spells.
Your spell library contained the following spells:

 Spells                   Type           Power        Failure   Level  Hunger
 Animate Skeleton         Necr           N/A          93%         1    ##.....
 Pain                     Necr           #...         93%         1    ##.....
 Regeneration             Chrm/Necr      #.........   100%        3    ####...
 Vampiric Draining        Necr           #.........   100%        3    ####...
 Animate Dead             Necr           N/A          100%        4    #####..


Dungeon Overview and Level Annotations

Branches:
Dungeon (11/15)            Temple (0/1) D:6            Lair (6/6) D:10
  Swamp (0/4) Lair:3       Spider (0/4) Lair:2          Orc (0/2) D:10
  Slime: Lair:5-6

Altars:
Ashenzari
Cheibriados
Dithmenos
Elyvilon
Kikubaaqudgha
Makhleb
Nemelex Xobeh
Qazlal
Ru
Wu Jian
Xom
Zin
The Shining One
Jiyva

Shops:
D:7 (**=*   D:9 [

Annotations:
D:11 Maurice, Urug


Innate Abilities, Weirdness & Mutations

You have claws for feet.
You are mostly covered in thin metallic scales. (AC +3)
You regenerate a little health from kills.


Message History

Unknown command.
You are too injured to fight recklessly!
Unknown command.
You are too injured to fight recklessly!
Unknown command.
You are too injured to fight recklessly!
You are too injured to fight recklessly!
You can feel time thicken for a moment.
You feel somewhat more hungry.
Cheibriados lowers the support of your attributes as your movement quickens.
The death yak gores you!!
* * * LOW HITPOINT WARNING * * *
The death yak closely misses you. The death yak gores you!
* * * LOW HITPOINT WARNING * * *
You block the death yak's attack.
Unknown command.
Unknown command.
You fail to use your ability.
The death yak gores you but does no damage.
The death yak gores you.
You die...

#.........
.P...........##P....#...
#...........##..........
#...........###.........
............####........
##........... #.........
#P....?....# #.(....#..
#.....YYY.## #.........
.......@Y..# ##.........
###.#......###..........
#......##...........
#...................
#...............#..#
#................###
#.............P.#.#
..#............#######
..##...........##.#...P


You could see 4 death yaks.

Vanquished Creatures
  Gastronok (Lair:3)
  Harold (Lair:2)
  A two-headed ogre (D:8)
  A hydra (Lair:2)
  7 death yaks
  Sonja (D:10)
  A cyclops (D:10)
  A black mamba (Lair:5)
  6 elephants (Lair:2)
  Joseph (Lair:1)
  10 spiny frogs
  A komodo dragon (Lair:2)
  A kobold demonologist (D:9)
  2 rime drakes
  A troll (D:7)
  12 polar bears
  A hornet (D:10)
  A jumping spider (Lair:2)
  17 blink frogs
  5 dream sheep (Lair:5)
  5 hippogriffs
  A spriggan (D:7)
  2 wyverns
  28 yaks
  A fire elemental (Lair:5)
  A basilisk (Lair:2)
  An acid dragon (D:11)
  9 water moccasins
  5 orc warriors
  4 porcupines
  2 ice beasts
  A sky beast (D:5)
  6 black bears
  4 ogres
  6 centaurs
  8 crocodiles
  Blork the orc (D:6)
  9 bullfrogs
  10 big kobolds
  A wyvern skeleton (D:11)
  4 wights (D:11)
  6 crimson imps
  4 hounds
  10 jellies
  A centaur skeleton (D:6)
  2 bullfrog skeletons
  2 gnoll shamans
  15 orc priests
  13 orc wizards
  7 worker ants
  2 hound zombies
  2 hound skeletons
  12 gnolls
  A worker ant zombie (D:5)
  10 adders
  2 shadow imps
  2 oozes
  2 adder skeletons (D:5)
  3 worms
  A dart slug (D:3)
  8 leopard geckos
  56 orcs
  3 giant cockroaches
  10 goblins
  11 hobgoblins
  21 jackals
  2 quokkas
  7 bats
  4 frilled lizards
  17 kobolds
  5 rats
  3 fungi
  A plant (Lair:5)
426 creatures vanquished.

Vanquished Creatures (others)
  2 fungi (Lair:2)
  A plant (Lair:2)
3 creatures vanquished.

Grand Total: 429 creatures vanquished

Notes
Turn   | Place    | Note
-------+----------+-------------------------------------------
     0 | D:1      | Morbidden the Demonspawn Fighter began the quest for the
                  | Orb.
     0 | D:1      | Reached XP level 1. HP: 18/18 MP: 1/1
    12 | D:1      | Reached skill level 2 in Axes
    90 | D:1      | Gained mutation: You regenerate a little health from kills.
                  | [demonic ancestry]
    90 | D:1      | Reached XP level 2. HP: 18/24 MP: 2/2
   309 | D:1      | Reached skill level 3 in Axes
   528 | D:2      | Gained mutation: You have sharp toenails. [demonic
                  | ancestry]
   528 | D:2      | Reached XP level 3. HP: 29/29 MP: 3/3
   566 | D:2      | Found a snail-covered altar of Cheibriados.
   662 | D:2      | Became a worshipper of Cheibriados the Contemplative
   683 | D:2      | Reached skill level 1 in Invocations
   690 | D:2      | Reached XP level 4. HP: 26/35 MP: 4/4
  1119 | D:3      | Reached skill level 4 in Axes
  1125 | D:3      | Reached * piety under Cheibriados
  1316 | D:3      | Reached ** piety under Cheibriados
  1317 | D:3      | Found a shadowy altar of Dithmenos.
  1361 | D:3      | Gained mutation: You have razor-sharp toenails. [demonic
                  | ancestry]
  1361 | D:3      | Reached XP level 5. HP: 23/41 MP: 6/6
  1909 | D:4      | Noticed an ogre
  1914 | D:4      | Killed an ogre
  1914 | D:4      | Reached skill level 5 in Axes
  2091 | D:4      | Found a burning altar of Makhleb.
  2092 | D:4      | Found a shimmering altar of Xom.
  2095 | D:4      | Reached XP level 6. HP: 47/47 MP: 8/8
  2161 | D:4      | Found a shadowy altar of Dithmenos.
  2513 | D:5      | Entered Level 5 of the Dungeon
  2602 | D:5      | Found an ancient bone altar of Kikubaaqudgha.
  2604 | D:5      | Noticed an ice beast
  2609 | D:5      | Noticed a sky beast
  2611 | D:5      | Reached skill level 6 in Axes
  2642 | D:5      | Killed a sky beast
  2642 | D:5      | Reached XP level 7. HP: 16/52 MP: 9/9
  2650 | D:5      | Reached *** piety under Cheibriados
  2701 | D:5      | Reached skill level 7 in Axes
  3083 | D:5      | Found a glowing silver altar of Zin.
  3103 | D:5      | Found a glowing golden altar of the Shining One.
  3174 | D:6      | Reached skill level 8 in Axes
  3186 | D:6      | Reached XP level 8. HP: 35/58 MP: 10/10
  3198 | D:6      | Found a staircase to the Ecumenical Temple.
  3320 | D:6      | Reached skill level 9 in Axes
  3364 | D:6      | Reached **** piety under Cheibriados
  3716 | D:6      | Noticed Blork the orc
  3729 | D:6      | Killed Blork the orc
  3990 | D:7      | Found Fiulat's Assorted Antiques.
  3994 | D:7      | Bought a smoking steel ring for 95 gold pieces
  3996 | D:7      | Identified the ring "Vunkehoh" {Fire Str+4} (You bought it
                  | in a shop on level 7 of the Dungeon)
  4005 | D:7      | Found a white marble altar of Elyvilon.
  4039 | D:7      | Found Zulayg's Antique Weapon Boutique.
  4066 | D:7      | Reached skill level 10 in Axes
  4066 | D:7      | Reached XP level 9. HP: 53/64 MP: 12/12
  4085 | D:7      | Found Ezxif's Assorted Antiques.
  4131 | D:7      | Noticed a troll
  4142 | D:7      | Killed a troll
  4142 | D:7      | Reached skill level 5 in Invocations
  4172 | D:7      | Found Noeduan's General Store.
  4234 | D:7      | Found a shattered altar of Ashenzari.
  4374 | D:7      | Paralysed by an orc for 7 turns
  4558 | D:7      | Found Cossos Evve's Jewellery Emporium.
  4811 | D:8      | Reached ***** piety under Cheibriados
  4912 | D:7      | Bought a scroll of brand weapon for 280 gold pieces
  5027 | D:8      | Found a stormy altar of Qazlal.
  5032 | D:8      | Found a viscous altar of Jiyva.
  5123 | D:8      | Noticed a two-headed ogre
  5131 | D:8      | Killed a two-headed ogre
  5131 | D:8      | Reached skill level 11 in Axes
  5196 | D:8      | Found a sparkling altar of Nemelex Xobeh.
  5326 | D:9      | Found a sacrificial altar of Ru.
  5385 | D:9      | Found Puosuol's Armour Shoppe.
  5412 | D:9      | Reached XP level 10. HP: 49/71 MP: 14/14
  5534 | D:9      | Found an ornate altar of the Wu Jian Council.
  5990 | D:10     | Entered Level 10 of the Dungeon
  6013 | D:10     | Found a staircase to the Lair.
  6015 | D:10     | Noticed a cyclops
  6021 | D:10     | Killed a cyclops
  6184 | D:10     | Reached skill level 12 in Axes
  6240 | D:10     | Found a staircase to the Orcish Mines.
  6421 | D:10     | Reached skill level 5 in Shields
  6569 | D:10     | Noticed Sonja
  6588 | D:10     | Killed Sonja
  6843 | D:11     | Noticed Maurice
  6851 | D:11     | Gained mutation: You are partially covered in thin metallic
                  | scales. (AC +2) [demonic ancestry]
  6851 | D:11     | Reached XP level 11. HP: 61/78 MP: 16/16
  6853 | D:11     | Noticed Urug
  6890 | Lair:1   | Entered Level 1 of the Lair of Beasts
  6999 | Lair:1   | Reached skill level 5 in Armour
  7172 | Lair:1   | Reached skill level 5 in Fighting
  7182 | Lair:1   | Reached skill level 13 in Axes
  7459 | Lair:1   | Noticed Joseph
  7465 | Lair:1   | Killed Joseph
  8121 | Lair:2   | Noticed Harold
  8138 | Lair:2   | Noticed a six-headed hydra
  8155 | Lair:2   | Gained mutation: You are mostly covered in thin metallic
                  | scales. (AC +3) [demonic ancestry]
  8155 | Lair:2   | Reached XP level 12. HP: 87/87 MP: 19/19
  8160 | Lair:2   | Killed Harold
  8163 | Lair:2   | Reached skill level 14 in Axes
  8164 | Lair:2   | Reached skill level 1 in Dodging
  8174 | Lair:2   | Killed a seven-headed hydra
  8192 | Lair:2   | Reached skill level 10 in Invocations
  8287 | Lair:2   | Found a hole to the Spider Nest.
  8306 | Lair:2   | Got a crude hand axe
  8308 | Lair:2   | Identified the +6 hand axe of Wywn {flame, rPois rF+ rN+
                  | Str-5} (You found it on level 2 of the Lair of Beasts)
  8542 | Lair:2   | You fall through a shaft!
  8568 | Lair:3   | Noticed Gastronok
  8578 | Lair:3   | Killed Gastronok
  8666 | Lair:3   | Found a staircase to the Swamp.
  9422 | Lair:4   | Noticed a death yak
  9422 | Lair:4   | Noticed a death yak
  9424 | Lair:4   | Noticed a death yak
  9425 | Lair:4   | Noticed a death yak
  9428 | Lair:4   | Noticed a death yak
  9433 | Lair:4   | Killed a death yak
  9434 | Lair:4   | Killed a death yak
  9434 | Lair:4   | Reached skill level 15 in Axes
  9435 | Lair:4   | Killed a death yak
  9437 | Lair:4   | Killed a death yak
  9440 | Lair:4   | Gained mutation: You have claws for feet. [demonic
                  | ancestry]
  9440 | Lair:4   | Reached XP level 13. HP: 85/95 MP: 20/20
 10003 | Lair:5   | Reached ****** piety under Cheibriados
 10520 | Lair:6   | Entered Level 6 of the Lair of Beasts
 10631 | Lair:6   | HP: 1/96 [death yak (15)]
 10632 | Lair:6   | Slain by a death yak

Skill      XL: |  1  2  3  4  5  6  7  8  9 10 11 12 13 |
---------------+----------------------------------------+-----
Axes           | 2 3 4 5 6 8 10 11 12 13 15 | 15.7
Invocations    | 1 2 3 4 6 7 9 10 11 | 11.2
Shields        | 3 4 5 6 7 |  7.3
Armour         | 3 4 6 |  6.9
Fighting       | 4 5 6 7 |  7.3
Dodging        | 2 |  2.6

Action                   |  1- 3 |  4- 6 |  7- 9 | 10-12 | 13-15 || total
-------------------------+-------+-------+-------+-------+-------++-------
Melee: Whip              |    84 |   176 |    27 |       |       ||   287
       War axe           |     5 |       |   196 |       |       ||   201
       Kick              |     8 |    43 |   110 |   138 |    51 ||   350
       Broad axe         |       |       |    20 |   352 |   103 ||   475
Invok: Slouch            |       |       |     3 |     1 |     1 ||     5
Evoke: Wand              |       |       |       |    10 |       ||    10
  Use: Scroll            |       |     6 |     6 |    20 |     1 ||    33
       Potion            |       |     2 |     3 |     3 |       ||     8
  Eat: Chunk             |       |     3 |     6 |     8 |     3 ||    20
Armor: Scale mail        |    36 |    44 |       |       |       ||    80
       Plate armour      |       |    58 |   126 |   131 |    51 ||   366
       Skin              |       |       |       |   101 |       ||   101
Dodge: Dodged            |    21 |    37 |    56 |    70 |    37 ||   221
       Deflected         |       |       |       |       |     2 ||     2
Block: Shield            |    39 |   102 |   165 |   299 |    84 ||   689
